TOP OF THE 1ST |
West Virginia Black Bears batting - Pitching for Brooklyn Cyclones : LHP Brad Guffin
|
Pitching: LHP Brad Guffin
|
|
Batting: RHB Ken Manser
|
0-0: Called Strike 0-1: Ball 1-1: Ball 2-1: Ball 3-1: Ground out 6-3 (Groundball, 6, EV 88.1 MPH)
|
Batting: RHB Tom Tate
|
0-0: Called Strike 0-1: SINGLE (Line Drive, 7S, EV 99.4 MPH)
|
Batting: RHB Brandon White
|
0-0: Foul Ball, location: 2F 0-1: Swinging Strike 0-2: Ball 1-2: Foul Ball, location: 2F 1-2: Grounds into double play, 4-6-3 (Groundball, 34S, EV 80.6 MPH)
|
Top of the 1st over - 0 runs, 1 hit, 0 errors, 0 left on base; West Virginia 0 - Brooklyn 0 |
BOTTOM OF THE 1ST |
Brooklyn Cyclones batting - Pitching for West Virginia Black Bears : RHP Mike West
|
Pitching: RHP Mike West
|
|
Batting: LHB Elmo Dreier
|
0-0: Called Strike 0-1: Called Strike 0-2: Ball 1-2: Ball 2-2: Ball 3-2: Strikes out looking
|
Batting: RHB Pete Orban
|
0-0: Called Strike 0-1: Swinging Strike 0-2: Foul Ball, location: 2F 0-2: Ball 1-2: Ball 2-2: Strikes out swinging
|
Batting: RHB Andy Carrell
|
0-0: Foul Ball, location: 2F 0-1: Ball 1-1: Ball 2-1: SINGLE (Line Drive, 7S, EV 90.6 MPH)
|
Batting: LHB Miguel Ramos
|
0-0: Fly out, F7 (Flyball, 78M, EV 82.5 MPH)
|
Bottom of the 1st over - 0 runs, 1 hit, 0 errors, 1 left on base; West Virginia 0 - Brooklyn 0 |
TOP OF THE 2ND |
West Virginia Black Bears batting - Pitching for Brooklyn Cyclones : LHP Brad Guffin
|
Batting: RHB Rick Pittman
|
0-0: Called Strike 0-1: Ball 1-1: Ground out 5-3 (Groundball, 56, EV 105.0 MPH)
|
Batting: LHB Joe Wise
|
0-0: Called Strike 0-1: Foul Ball, location: 2F 0-2: Ground out 4-3 (Groundball, 4, EV 101.9 MPH)
|
Batting: RHB Dave Fredericks
|
0-0: Ball 1-0: Foul Ball, location: 2F 1-1: Foul Ball, location: 2F 1-2: Strikes out looking
|
Top of the 2nd over - 0 runs, 0 hits, 0 errors, 0 left on base; West Virginia 0 - Brooklyn 0 |
BOTTOM OF THE 2ND |
Brooklyn Cyclones batting - Pitching for West Virginia Black Bears : RHP Mike West
|
Batting: RHB Omar Novoa
|
0-0: Fly out, F8 (Flyball, 8LXD, EV 92.5 MPH)
|
Batting: RHB Mike Patterson
|
0-0: Called Strike 0-1: Called Strike 0-2: Ball 1-2: Fly out, F7 (Flyball, 7D, EV 103.1 MPH)
|
Batting: RHB Tom Primmer
|
0-0: Fly out, F9 (Flyball, 9D, EV 104.4 MPH)
|
Bottom of the 2nd over - 0 runs, 0 hits, 0 errors, 0 left on base; West Virginia 0 - Brooklyn 0 |
TOP OF THE 3RD |
West Virginia Black Bears batting - Pitching for Brooklyn Cyclones : LHP Brad Guffin
|
Batting: SHB Don Hauk
|
0-0: Ball 1-0: Ground out 3-1 (Groundball, 34, EV 91.2 MPH)
|
Batting: RHB Nick Wilkins
|
0-0: Called Strike 0-1: Called Strike 0-2: Ball 1-2: Ground out 4-3 (Groundball, 4, EV 88.8 MPH)
|
Batting: RHB Terrence Wilson
|
0-0: Ball 1-0: DOUBLE (Groundball, 5L, EV 103.1 MPH)
|
Batting: RHB Ken Manser
|
0-0: Ball Passed Ball! Terrence Wilson to third 1-0: Ball 2-0: Ball 3-0: Called Strike 3-1: Swinging Strike 3-2: Foul Ball, location: 2F 3-2: Base on Balls
|
Batting: RHB Tom Tate
|
0-0: Foul Ball, location: 2F 0-1: Ball 1-1: Fly out, F5 (Popup, 5SF, EV 79.4 MPH)
|
Top of the 3rd over - 0 runs, 1 hit, 0 errors, 2 left on base; West Virginia 0 - Brooklyn 0 |
BOTTOM OF THE 3RD |
Brooklyn Cyclones batting - Pitching for West Virginia Black Bears : RHP Mike West
|
Batting: SHB Duri Chilemba
|
0-0: Ground out U3 (Groundball, 3L, EV 85.6 MPH)
|
Batting: RHB Roberto Delgado
|
0-0: Called Strike 0-1: Ball 1-1: Hit by Pitch
|
Batting: LHB Elmo Dreier
|
0-0: Ball 1-0: Swinging Strike 1-1: Fly out, F8 (Flyball, 8RS, EV 95.0 MPH)
|
Batting: RHB Pete Orban
|
0-0: Called Strike 0-1: Foul Ball, location: 2F 0-2: Strikes out swinging
|
Bottom of the 3rd over - 0 runs, 0 hits, 0 errors, 1 left on base; West Virginia 0 - Brooklyn 0 |
TOP OF THE 4TH |
West Virginia Black Bears batting - Pitching for Brooklyn Cyclones : LHP Brad Guffin
|
Batting: RHB Brandon White
|
0-0: Ball 1-0: Ground out 6-3 (Groundball, 6, EV 83.8 MPH)
|
Batting: RHB Rick Pittman
|
0-0: Foul Ball, location: 2F 0-1: Ground out U3 (Groundball, 3, EV 85.6 MPH)
|
Batting: LHB Joe Wise
|
0-0: Ball 1-0: Ball 2-0: Foul Ball, location: 2F 2-1: Ground out 5-3 (Groundball, 56, EV 81.9 MPH)
|
Top of the 4th over - 0 runs, 0 hits, 0 errors, 0 left on base; West Virginia 0 - Brooklyn 0 |
BOTTOM OF THE 4TH |
Brooklyn Cyclones batting - Pitching for West Virginia Black Bears : RHP Mike West
|
Batting: RHB Andy Carrell
|
0-0: Fly out, F8 (Flyball, 8RXD, EV 88.1 MPH)
|
Batting: LHB Miguel Ramos
|
0-0: Ball 1-0: Foul Ball, location: 2F 1-1: Foul Ball, location: 2F 1-2: Ball 2-2: Ball 3-2: Foul Ball, location: 2F 3-2: SINGLE (Flyball, 34D, EV 88.1 MPH)
|
Batting: RHB Omar Novoa
|
0-0: Called Strike 0-1: Called Strike 0-2: Ball 1-2: Foul Ball, location: 2F 1-2: Foul Ball, location: 2F 1-2: Fielders Choice at 2nd, 5-4 (Groundball, 5S, EV 86.2 MPH)
|
Batting: RHB Mike Patterson
|
0-0: Hit by Pitch Omar Novoa to second
|
Pinch Runner at 1st Chris Pynn:
|
|
Batting: RHB Tom Primmer
|
0-0: Ball 1-0: DOUBLE (Groundball, 5L, EV 104.4 MPH) Omar Novoa scores Chris Pynn to third Runner from 3rd tries for Home, SAFE, throw by LF to home
|
Batting: SHB Duri Chilemba
|
0-0: Swinging Strike 0-1: Ball 1-1: Ground out 6-3 (Groundball, 6M, EV 85.6 MPH)
|
Bottom of the 4th over - 2 runs, 2 hits, 0 errors, 1 left on base; West Virginia 0 - Brooklyn 2 |
TOP OF THE 5TH |
West Virginia Black Bears batting - Pitching for Brooklyn Cyclones : LHP Brad Guffin
|
Now at C: Chris Pynn
|
|
Batting: RHB Dave Fredericks
|
0-0: Called Strike 0-1: Called Strike 0-2: Ball 1-2: Foul Ball, location: 2F 1-2: Foul Ball, location: 2F 1-2: Ball 2-2: Ball 3-2: SINGLE (Line Drive, 4D, EV 94.4 MPH)
|
Batting: SHB Don Hauk
|
0-0: Ball 1-0: Ball 2-0: DOUBLE (Line Drive, 9LS, EV 103.1 MPH) Dave Fredericks to third
|
Batting: RHB Nick Wilkins
|
0-0: DOUBLE (Line Drive, 78D, EV 108.8 MPH) Dave Fredericks scores Don Hauk scores
|
Batting: RHB Terrence Wilson
|
0-0: DOUBLE (Line Drive, 78M, EV 105.6 MPH) Nick Wilkins scores
|
Batting: RHB Ken Manser
|
0-0: Ball 1-0: Called Strike 1-1: Foul Ball, location: 2F 1-2: Foul Ball, location: 2F 1-2: Foul Ball, location: 2F 1-2: Foul Ball, location: 2F 1-2: Ball 2-2: 2-RUN HOME RUN (Flyball, 7LD, EV 94.4 MPH), Distance : 341 ft
|
Pitching: RHP Rome Corona
|
|
Batting: RHB Tom Tate
|
0-0: Ball 1-0: Ball 2-0: Ground out 5-3 (Groundball, 5S, EV 73.8 MPH)
|
Batting: RHB Brandon White
|
0-0: Called Strike 0-1: Ball 1-1: Swinging Strike 1-2: Foul Ball, location: 2F 1-2: Ball 2-2: Ball 3-2: Strikes out swinging
|
Batting: RHB Rick Pittman
|
0-0: Ball 1-0: Ball 2-0: Called Strike 2-1: Swinging Strike 2-2: Foul Ball, location: 2F 2-2: Foul Ball, location: 2F 2-2: Strikes out swinging
|
Top of the 5th over - 5 runs, 5 hits, 0 errors, 0 left on base; West Virginia 5 - Brooklyn 2 |
BOTTOM OF THE 5TH |
Brooklyn Cyclones batting - Pitching for West Virginia Black Bears : RHP Mike West
|
Batting: RHB Roberto Delgado
|
0-0: Ground out 4-3 (Groundball, 34, EV 105.0 MPH)
|
Batting: LHB Elmo Dreier
|
0-0: Ground out U3 (Groundball, 34S, EV 79.4 MPH)
|
Batting: RHB Pete Orban
|
0-0: Ball 1-0: Ball 2-0: Ball 3-0: Called Strike 3-1: Foul Ball, location: 2F 3-2: Fly out, F8 (Line Drive, 8RM, EV 101.9 MPH)
|
Bottom of the 5th over - 0 runs, 0 hits, 0 errors, 0 left on base; West Virginia 5 - Brooklyn 2 |
TOP OF THE 6TH |
West Virginia Black Bears batting - Pitching for Brooklyn Cyclones : RHP Rome Corona
|
Batting: LHB Joe Wise
|
0-0: Swinging Strike 0-1: Foul Ball, location: 2F 0-2: Foul Ball, location: 2F 0-2: Ball 1-2: Foul Ball, location: 2F 1-2: Ball 2-2: Foul Ball, location: 2F 2-2: Strikes out looking
|
Batting: RHB Dave Fredericks
|
0-0: Ball 1-0: Foul Ball, location: 2F 1-1: Swinging Strike 1-2: Strikes out looking
|
Batting: SHB Don Hauk
|
0-0: Ball 1-0: Called Strike 1-1: Ball 2-1: SINGLE (Groundball, 34D, EV 99.4 MPH)
|
Batting: RHB Nick Wilkins
|
0-0: Foul Ball, location: 2F 0-1: Called Strike 0-2: Strikes out looking
|
Top of the 6th over - 0 runs, 1 hit, 0 errors, 1 left on base; West Virginia 5 - Brooklyn 2 |
BOTTOM OF THE 6TH |
Brooklyn Cyclones batting - Pitching for West Virginia Black Bears : RHP Mike West
|
Pitching: LHP Juan Villegas
|
|
Batting: RHB Andy Carrell
|
0-0: Ground out 2-3 (Groundball, 2L, EV 70.0 MPH)
|
Batting: LHB Miguel Ramos
|
0-0: Called Strike 0-1: Fly out, F5 (Popup, 5SF, EV 87.5 MPH)
|
Batting: RHB Omar Novoa
|
0-0: Called Strike 0-1: Foul Ball, location: 2F 0-2: Strikes out swinging
|
Bottom of the 6th over - 0 runs, 0 hits, 0 errors, 0 left on base; West Virginia 5 - Brooklyn 2 |
TOP OF THE 7TH |
West Virginia Black Bears batting - Pitching for Brooklyn Cyclones : RHP Rome Corona
|
Batting: RHB Terrence Wilson
|
0-0: Ground out 4-3 (Groundball, 4M, EV 86.9 MPH)
|
Batting: RHB Ken Manser
|
0-0: Ball 1-0: Swinging Strike 1-1: Ground out 4-3 (Groundball, 4, EV 106.2 MPH)
|
Batting: RHB Tom Tate
|
0-0: Called Strike 0-1: Ball 1-1: Ground out 5-3 (Groundball, 56, EV 86.2 MPH)
|
Top of the 7th over - 0 runs, 0 hits, 0 errors, 0 left on base; West Virginia 5 - Brooklyn 2 |
BOTTOM OF THE 7TH |
Brooklyn Cyclones batting - Pitching for West Virginia Black Bears : LHP Juan Villegas
|
Batting: RHB Chris Pynn
|
0-0: Ball 1-0: Foul Ball, location: 2F 1-1: Foul Ball, location: 2F 1-2: Strikes out looking
|
Batting: RHB Tom Primmer
|
0-0: Called Strike 0-1: Ball 1-1: Ball 2-1: Foul Ball, location: 2F 2-2: Ball 3-2: Base on Balls
|
Batting: SHB Duri Chilemba
|
0-0: Called Strike Tom Primmer is caught stealing 2nd base 2-4 0-1: Foul Ball, location: 2F 0-2: Ball 1-2: Ball 2-2: Foul Ball, location: 2F 2-2: Ball 3-2: Ground out 1-3 (Groundball, 23, EV 61.2 MPH)
|
Bottom of the 7th over - 0 runs, 0 hits, 0 errors, 0 left on base; West Virginia 5 - Brooklyn 2 |
TOP OF THE 8TH |
West Virginia Black Bears batting - Pitching for Brooklyn Cyclones : RHP Rome Corona
|
Batting: RHB Brandon White
|
0-0: Foul Ball, location: 2F 0-1: Ground out 6-3 (Groundball, 6, EV 89.4 MPH)
|
Batting: RHB Rick Pittman
|
0-0: Called Strike 0-1: Swinging Strike 0-2: Strikes out swinging
|
Batting: LHB Joe Wise
|
0-0: Ball 1-0: DOUBLE (Line Drive, 9LD, EV 108.1 MPH)
|
Batting: RHB Dave Fredericks
|
0-0: Fly out, F8 (Line Drive, 8LM, EV 90.0 MPH)
|
Top of the 8th over - 0 runs, 1 hit, 0 errors, 1 left on base; West Virginia 5 - Brooklyn 2 |
BOTTOM OF THE 8TH |
Brooklyn Cyclones batting - Pitching for West Virginia Black Bears : LHP Juan Villegas
|
Batting: RHB Roberto Delgado
|
0-0: Called Strike 0-1: Ball 1-1: Ball 2-1: Foul Ball, location: 2F 2-2: Foul Ball, location: 2F 2-2: Strikes out swinging
|
Pinch Hitting: RHB Jayden Copeland
|
0-0: Ground out 4-3 (Groundball, 4, EV 85.6 MPH)
|
Pinch Hitting: LHB Jeremy DiGenova
|
0-0: Ball 1-0: Called Strike 1-1: Swinging Strike 1-2: Strikes out swinging
|
Bottom of the 8th over - 0 runs, 0 hits, 0 errors, 0 left on base; West Virginia 5 - Brooklyn 2 |
TOP OF THE 9TH |
West Virginia Black Bears batting - Pitching for Brooklyn Cyclones : RHP Rome Corona
|
Now at SS: Jack Nickleberry
|
|
Now in CF: Callum Lynch
|
|
Batting: SHB Don Hauk
|
0-0: Ground out 6-3 (Groundball, 6, EV 93.1 MPH)
|
Batting: RHB Nick Wilkins
|
0-0: Called Strike 0-1: Foul Ball, location: 2F 0-2: Foul Ball, location: 2F 0-2: Ball 1-2: Fly out, F8 (Flyball, 89D, EV 95.6 MPH)
|
Batting: RHB Terrence Wilson
|
0-0: Ball 1-0: Called Strike 1-1: Foul Ball, location: 2F 1-2: Fly out, F3 (Line Drive, 3, EV 66.9 MPH)
|
Top of the 9th over - 0 runs, 0 hits, 0 errors, 0 left on base; West Virginia 5 - Brooklyn 2 |
BOTTOM OF THE 9TH |
Brooklyn Cyclones batting - Pitching for West Virginia Black Bears : LHP Juan Villegas
|
Pitching: RHP Justin West
|
|
Batting: RHB Andy Carrell
|
0-0: Ground out 6-3 (Groundball, 6, EV 85.6 MPH)
|
Batting: LHB Miguel Ramos
|
0-0: Ball 1-0: Ball 2-0: Foul Ball, location: 2F 2-1: Ball 3-1: Ground out 1-3 (Groundball, 15S, EV 70.0 MPH)
|
Batting: RHB Omar Novoa
|
0-0: Called Strike 0-1: Ball 1-1: Ground out 4-3 (Groundball, 4M, EV 103.8 MPH)
|
Bottom of the 9th over - 0 runs, 0 hits, 0 errors, 0 left on base; West Virginia 5 - Brooklyn 2 |
|